Map: King Sejong Station LE

Players

HoRuS

  • Race: Protoss Protoss
  • League: Diamond

Stephano - Winner!

  • Race: Zerg Zerg
  • League: Grandmaster

VOD

https://www.youtube.com/channel/UCcSgNfDNxvyisU-eCj9xyNg/playlists

Description

Time

  • Played on: Aug. 14, 2016, 10:33 a.m.
  • Length: 3:26
Show
View Real Time Build Order
Export as new Build Order

HoRuS Protoss 

Build Orders:  

Get SALT Encoding   

  12  0:02  Probe (Chrono Boost)  
  13  0:13  Probe (Chrono Boost)  
  14  0:23  Probe (Chrono Boost)  
  14  0:24  Pylon  
  15  0:38  Pylon  
  15  0:42  Probe (Chrono Boost)  
  16  0:59  Gateway x2  
  16  1:10  Gateway  
  16  1:19  Gateway  
  16  1:22  Probe (Chrono Boost)  
  17  1:33  Pylon  
  17  1:37  Pylon  
  17  1:45  Zealot  
  21  1:47  Zealot  
  21  1:55  Zealot  
  23  2:03  Zealot  
  25  2:12  Zealot  
  25  2:14  Zealot  
  29  2:25  Zealot  
  29  2:29  Zealot  
Show
View Real Time Build Order
Export as new Build Order

Stephano Zerg - Winner!

Build Orders: Pool First 

Get SALT Encoding   

  12  0:01  Drone  
  13  0:08  Drone  
  14  0:15  Extractor  
  14  0:16  Drone  
  14  0:32  Spawning Pool  
  13  0:36  Drone  
  14  0:45  Overlord  
  14  0:54  Drone, Extractor  
  15  1:04  Drone  
  16  1:19  Zergling x2  
  16  1:20  Zergling x4, Metabolic Boost  
  19  1:35  Queen  
  19  1:36  Zergling x2  
  22  1:42  Overlord  
  22  2:01  Hatchery  
  21  2:03  Zergling x2  
  21  2:07  Zergling x2  
  23  2:17  Zergling x2  
  24  2:30  Zergling x2  
  24  2:34  Spine Crawler  
  24  2:35  Spine Crawler  
  22  2:39  Zergling x2  
  22  2:43  Spine Crawler  
  19  2:47  Zergling x4  
  20  2:53  Zergling x2  
  20  2:55  Zergling x2  
Tags
 
Add a new tag
Caveats
  • Supply blocks, unpowered buildings, or Contaminate may cause inaccurate times.
  • Supply counts are checked every 10 seconds.